 Dungeon Crawl Stone Soup version 0.19.5 (webtiles) character file.

9748 Asagix the Cleaver (level 11, -3/130 HPs)
             Began as a Minotaur Berserker on Apr 24, 2017.
             Was a High Priest of Trog.
             Killed from afar by an electric eel (9 damage)
             ... with a bolt of electricity
             ... on level 1 of the Lair of Beasts.
             The game lasted 00:35:56 (9965 turns).

Asagix the Cleaver (Minotaur Berserker)             Turns: 9965, Time: 00:35:57

Health: -3/130     AC: 12    Str: 28 (29) XL:     11   Next: 27%
Magic:  2/2        EV: 17    Int:  4      God:    Trog [*****.]
Gold:   604        SH:  0    Dex: 18      Spells: 0 memorised, 10 levels left

rFire  . . .     SeeInvis .     P - +3 battleaxe (antimagic)
rCold  + . .     Gourm    .     F - +7 leather armour "Xuaq" {MR+ Dex+7 Slay+3}
rNeg   + . .     Faith    .     (shield currently unavailable)
rPois  .         Spirit   .     (helmet restricted)
rElec  .         Reflect  .     (no cloak)
rCorr  .         Harm     .     L - +0 pair of gloves
MR     ++...                    (no boots)
Stlth  ..........               g - amulet of regeneration
                                S - ring of positive energy
                                C - ring of protection from magic

@: berserking (expiring), very quick
A: retaliatory headbutt, horns 2, cold resistance 1, deterioration 1, frail 1,
low mp 1, sense surroundings 1
a: Berserk, Trog's Hand, Brothers in Arms, Burn Spellbooks, Renounce Religion


You were on level 1 of the Lair of Beasts.
You worshipped Trog.
Trog was extremely pleased with you.
You were not hungry.

You visited 2 branches of the dungeon, and saw 11 of its levels.

You collected 604 gold pieces.

Inventory:

Hand Weapons
 a - a +0 short sword
 q - a +0 trident
 D - a +0 war axe
 G - a +1 hand axe of venom
 M - a +1 dagger of chaos
 P - a +3 antimagic battleaxe (weapon)
Armour
 b - a +0 animal skin
 l - a +0 ring mail
 n - a +0 buckler
 t - a +0 plate armour
 A - a +1 leather armour of fire resistance
 F - the +7 leather armour "Xuaq" (worn) {MR+ Dex+7 Slay+3}
   (You found it on level 7 of the Dungeon)

   It affects your dexterity (+7).
   It affects your accuracy and damage with ranged weapons and melee attacks
   (+3).
   It affects your resistance to hostile enchantments.
 L - a +0 pair of gloves (worn)
 N - a +2 shield
Jewellery
 g - an amulet of regeneration (around neck)
 C - a ring of protection from magic (left hand)
 E - an uncursed amulet of rage
 S - a ring of positive energy (right hand)
Scrolls
 d - 3 scrolls of teleportation
 h - 2 scrolls of immolation {unknown}
 k - a scroll of noise
 o - a scroll of blinking
 p - 2 scrolls of recharging
 r - 5 scrolls of identify
 x - 4 scrolls of enchant weapon {unknown}
 y - a scroll of fog {unknown}
 I - a scroll of magic mapping {unknown}
 O - 3 scrolls of remove curse
Potions
 f - 6 potions of curing
 i - a potion of mutation {unknown}
 j - 2 potions of beneficial mutation {unknown}
 m - 2 potions of cancellation
 s - 2 potions of magic {unknown}
 v - a potion of haste {unknown}
 w - 3 potions of heal wounds
 K - a potion of agility {unknown}
 R - a potion of resistance {unknown}
 T - a potion of might {unknown}
Comestibles
 c - a bread ration
 V - a meat ration


   Skills:
 + Level 9.4 Fighting
 + Level 6.7 Short Blades
 + Level 9.9(11.1) Axes
 + Level 8.4(10.5) Polearms
 + Level 7.3 Armour
 + Level 6.9 Dodging
 + Level 3.0 Stealth
 + Level 6.8 Shields


You had 10 spell levels left.
You didn't know any spells.

Dungeon Overview and Level Annotations

Branches:
Dungeon (10/15)            Temple (0/1) D:6            Lair (1/6) D:10
    Orc (0/2) D:9

Altars:

Shops:
D:8 [

Annotations:
Lair:1 VanClaymore's ghost, novice MfGl


Innate Abilities, Weirdness & Mutations

You reflexively headbutt those who attack you in melee.
You have a pair of horns on your head.
Your flesh is cold resistant. (rC+)
Your body sometimes deteriorates upon taking damage.
You are frail. (-10% HP)
Your magical capacity is low. (-10% MP)
You passively map a small area around you.


Message History

You closely miss VanClaymore's ghost. You headbutt VanClaymore's ghost.
VanClaymore's ghost is moderately damaged.
The electric eel shoots out a bolt of lightning at you!
The bolt of electricity hits you!
You slice VanClaymore's ghost!!
VanClaymore's ghost is heavily damaged.
VanClaymore's ghost hits you!!
* * * LOW HITPOINT WARNING * * *
You hit VanClaymore's ghost. You headbutt VanClaymore's ghost!
VanClaymore's ghost is severely damaged.
VanClaymore's ghost hits you!
* * * LOW HITPOINT WARNING * * *
You are too berserk!
The electric eel shoots out a bolt of lightning at you!
The bolt of electricity hits you!
* * * LOW HITPOINT WARNING * * *
You feel a strong urge to attack something.
The electric eel shoots out a bolt of lightning at you!
The bolt of electricity hits you!
You die...

, #.>...#.# #......
.#.......## ##.....
*...+P###...# #.....
#..........## #.....
........#..##########.####
...♣.♣.♣♣............ ,
#...≈.≈.≈.♣..........
♣.≈≈≈.≈...≈...####P..
.≈≈..≈.≈≈@.≈♣..# ,
≈..≈≈≈.W.≈≈.≈..# *
≈.≈.≈≈†.†.≈.....# , *
.≈....≈≈≈≈.≈.≈..###...
.≈≈...≈;≈..≈....##....####
≈≈≈...≈≈≈...≈≈..###.......
...≈≈≈...≈≈≈..♣#.#P......#
*
≈..≈≈≈...≈≈.≈≈...........#
≈.≈≈≈≈....≈.≈............#


You could see an electric eel and VanClaymore's ghost.

Vanquished Creatures
  Nergalle (D:10)
  An unseen horror (D:10)
  3 hill giants (D:10)
  Psyche (D:9)
  A hornet (D:8)
  2 trolls
  Grinder (D:6)
  A hippogriff (D:8)
  2 vampires
  7 yaks
  The ghost of cosh the Ruffian, an amateur DrTm (D:3)
  A water moccasin (D:5)
  2 porcupines (Lair:1)
  A black bear (D:7)
  A phantom (D:10)
  3 sky beasts
  6 ogres
  An orc warrior (D:6)
  A necrophage (D:7)
  4 centaurs
  3 bullfrogs
  A wyvern zombie (D:10)
  5 scorpions
  8 killer bees
  3 howler monkeys
  An electric eel (Lair:1)
  5 crimson imps
  A centaur zombie (D:7)
  4 jellies
  10 orc wizards
  6 hounds
  2 orc priests
  A quasit (D:8)
  4 bullfrog skeletons
  5 iguanas
  10 worker ants
  2 hound skeletons
  Robin (D:4)
  15 adders
  6 shadow imps
  An adder zombie (D:8)
  An adder skeleton (D:4)
  2 dart slugs
  4 leopard geckos
  43 orcs
  12 bats
  7 giant cockroaches
  17 goblins
  8 hobgoblins
  16 jackals
  4 kobolds (D:1)
  5 quokkas
  8 frilled lizards
  2 jackal zombies
  A leopard gecko skeleton (D:4)
  A quokka skeleton (D:4)
  A quokka zombie (D:7)
  12 rats
  A bush (D:6)
280 creatures vanquished.

Vanquished Creatures (others)
  36 fungi (D:10)
  16 plants (D:10)
52 creatures vanquished.

Grand Total: 332 creatures vanquished

Notes
Turn   | Place    | Note
-------+----------+-------------------------------------------
     0 | D:1      | Asagix the Minotaur Berserker began the quest for the Orb.
     0 | D:1      | Reached XP level 1. HP: 19/19 MP: 0/0
   352 | D:1      | Reached XP level 2. HP: 26/26 MP: 1/1
   819 | D:2      | Reached ** piety under Trog
   823 | D:2      | Reached XP level 3. HP: 25/33 MP: 2/2
  1347 | D:3      | Reached XP level 4. HP: 41/41 MP: 3/3
  1497 | D:3      | Reached skill level 5 in Short Blades
  1568 | D:3      | Noticed cosh's ghost (amateur DrTm)
  1575 | D:3      | Killed cosh's ghost
  1575 | D:3      | Reached XP level 5. HP: 47/47 MP: 4/4
  1770 | D:3      | Noticed a centaur
  1780 | D:3      | Killed a centaur
  1780 | D:3      | Reached skill level 1 in Polearms
  1780 | D:3      | Reached XP level 6. HP: 21/55 MP: 5/5
  2316 | D:4      | Reached skill level 1 in Shields
  2540 | D:4      | Reached skill level 5 in Fighting
  2614 | D:4      | Reached XP level 7. HP: 22/61 MP: 6/6
  2815 | D:4      | Reached *** piety under Trog
  2949 | D:4      | Noticed Robin
  2962 | D:4      | Killed Robin
  3192 | D:5      | Entered Level 5 of the Dungeon
  3208 | D:4      | Reached skill level 1 in Stealth
  3462 | D:5      | Gained mutation: Your flesh is cold resistant. (rC+) [mutagenic meat]
  3463 | D:5      | Gained mutation: Your body sometimes deteriorates upon taking damage. [mutagenic meat]
  3464 | D:5      | Gained mutation: Your magical capacity is low. (-10% MP) [mutagenic meat]
  3465 | D:5      | Gained mutation: You are frail. (-10% HP) [mutagenic meat]
  3466 | D:5      | Gained mutation: You passively map a small area around you. [mutagenic meat]
  3471 | D:5      | Reached **** piety under Trog
  3490 | D:5      | Reached skill level 5 in Polearms
  3490 | D:5      | Reached XP level 8. HP: 15/63 MP: 6/6
  4685 | D:6      | Found a staircase to the Ecumenical Temple.
  4697 | D:6      | Reached skill level 5 in Armour
  5130 | D:6      | Noticed Grinder
  5132 | D:6      | Paralysed by Grinder for 5 turns
  5145 | D:6      | Killed Grinder
  5145 | D:6      | Reached XP level 9. HP: 58/71 MP: 7/7
  6228 | D:7      | Got a spiked leather armour
  6231 | D:7      | Identified the +7 leather armour "Xuaq" {MR+ Dex+7 Slay+3} (You found it on level 7 of the Dungeon)
  6510 | D:7      | Reached skill level 1 in Axes
  6572 | D:8      | Reached ***** piety under Trog
  7080 | D:8      | Reached skill level 5 in Dodging
  7212 | D:8      | Paralysed by a hornet for 3 turns
  7389 | D:8      | Reached skill level 5 in Axes
  7394 | D:8      | Reached XP level 10. HP: 71/79 MP: 8/8
  7442 | D:8      | Found Onyu's Antique Armour Boutique.
  7816 | D:9      | Reached skill level 5 in Shields
  7916 | D:9      | Found a staircase to the Orcish Mines.
  8176 | D:9      | Noticed Psyche
  8180 | D:9      | Killed Psyche
  8540 | D:10     | Entered Level 10 of the Dungeon
  8882 | D:10     | Received a gift from Trog
  9071 | D:10     | Noticed a hill giant
  9078 | D:10     | Killed a hill giant
  9196 | D:10     | Noticed a hill giant
  9216 | D:10     | Killed a hill giant
  9216 | D:10     | Reached XP level 11. HP: 33/87 MP: 2/8
  9475 | D:10     | Found a staircase to the Lair.
  9490 | D:10     | Killed an unseen horror
  9537 | D:10     | Noticed a hill giant
  9562 | D:10     | Killed a hill giant
  9614 | D:10     | Noticed Nergalle
  9620 | D:10     | Killed Nergalle
  9832 | Lair:1   | Entered Level 1 of the Lair of Beasts
  9952 | Lair:1   | Noticed VanClaymore's ghost (novice MfGl)
  9964 | Lair:1   | HP: 6/130 [electric eel/bolt of electricity (13)]
  9965 | Lair:1   | Killed from afar by an electric eel

Skill      XL: |  1  2  3  4  5  6  7  8  9 10 11 |
---------------+----------------------------------+-----
Short Blades   | 4 5 6 |  6.7
Fighting       | 4 5 7 8 9 |  9.4
Dodging        | 3 4 5 6 |  6.9
Polearms       | 1 2 5 7 8 |  8.4
Shields        | 1 2 3 4 6 |  6.8
Armour         | 4 6 7 |  7.3
Stealth        | 1 2 3 |  3.0
Axes           | 5 8 9 |  9.9

Action                   |  1- 3 |  4- 6 |  7- 9 | 10-12 || total
-------------------------+-------+-------+-------+-------++-------
Melee: Short sword       |    90 |    13 |       |       ||   103
       Headbutt          |    15 |    20 |   102 |    66 ||   203
       Trident           |       |    65 |   307 |       ||   372
       War axe           |       |       |    70 |       ||    70
       Hand axe          |       |       |    27 |    64 ||    91
       Dagger            |       |       |       |    86 ||    86
       Battleaxe         |       |       |       |    53 ||    53
Invok: Berserk           |       |     2 |     5 |     5 ||    12
       Burn Spellbooks   |       |     1 |     1 |     5 ||     7
  Use: Scroll            |       |       |    10 |     2 ||    12
       Potion            |       |       |       |     2 ||     2
 Stab: Sleeping          |       |     1 |     1 |     1 ||     3
       Distracted        |       |       |     1 |       ||     1
  Eat: Bread ration      |     1 |     1 |     2 |     2 ||     6
       Chunk             |       |       |     9 |     1 ||    10
       Fruit             |       |       |     1 |     2 ||     3
       Pizza             |       |       |     1 |       ||     1
       Meat ration       |       |       |     1 |       ||     1
Armor: Animal skin       |     8 |       |       |       ||     8
       Ring mail         |       |     5 |    49 |       ||    54
       Plate armour      |       |       |    98 |       ||    98
       Leather armour    |       |       |    21 |    34 ||    55
Dodge: Dodged            |    53 |    60 |   243 |   118 ||   474
Block: Buckler           |       |     6 |    92 |    11 ||   109
       Shield            |       |       |       |    45 ||    45
